 Dungeon Crawl Stone Soup version 0.28-a0-1613-gdaab1c2f9b (webtiles) character file.

Game seed: 822975468667797008

351 bande the Covered (level 6, -1/39 HPs)
             Began as a Gargoyle Fighter on Jan 22, 2022.
             Killed from afar by an electric eel (2 damage)
             ... with a bolt of electricity
             ... on level 7 of the Dungeon.
             The game lasted 00:05:50 (3812 turns).

bande the Covered (Gargoyle Fighter)                Turns: 3812, Time: 00:05:50

Health: -1/39      AC: 18    Str: 20    XL:     6   Next: 61%
Magic:  6/6        EV:  7    Int:  8    God:
Gold:   134        SH:  5    Dex: 17    Spells: 5/5 levels left

rFire   . . .      SeeInvis .   a - +1 war axe
rCold   . . .      Faith    .   c - +0 buckler
rNeg    + . .      Spirit   .   f - +0 chain mail
rPois   ∞          Reflect  .   (no helmet)
rElec   +          Harm     .   (no cloak)
rCorr   .          Rampage  .   (no gloves)
Will    .....                   (no boots)
Stlth   ..........              (no amulet)
HPRegen 0.13/turn               b - +4 ring of protection
MPRegen 0.10/turn               e - +6 ring of dexterity

@: mighty
A: sickness immunity, AC +4, negative energy resistance 1, electricity
resistance, torment resistance 1, petrification resistance
a: no special abilities


You were on level 7 of the Dungeon.
You visited 1 branch of the dungeon, and saw 5 of its levels.

You collected 134 gold pieces.

Inventory:

Hand Weapons
 a - a +1 war axe (weapon)
 h - a +2 morningstar of protection
Armour
 c - a +0 buckler (worn)
 f - a +0 chain mail (worn)
Jewellery
 b - a +4 ring of protection (left hand)
 e - a +6 ring of dexterity (right hand)
 i - a ring of wizardry
 l - a +6 ring of intelligence
Wands
 k - a wand of flame (15)
Scrolls
 g - 2 scrolls of identify
Potions
 d - a potion of might
 m - a potion of cancellation
 n - a potion of flight


   Skills:
 + Level 4.3 Fighting
 + Level 4.3 Axes
 + Level 4.4 Armour
 + Level 4.1 Shields
 * Level 1.1 Evocations


You had 5 spell levels left.
You didn't know any spells.
Your spell library was empty.

Dungeon Overview and Level Annotations

Branches:
Dungeon (4/15)
 Temple: D:4-7

Altars:
Hepliaklqana


Innate Abilities, Weirdness & Mutations

You are immune to sickness and miasma.
Your stone body is resilient. (AC +4)
You are immune to poison.
You resist negative energy. (rN+)
You are resistant to electric shocks. (rElec)
You are resistant to unholy torment.
You are immune to petrification.


Message History

The bolt of electricity hits you but does no damage.
You resist.
You slash the gnoll!
You kill the gnoll!
The electric eel shoots out a bolt of lightning at you!
The bolt of electricity hits you. You resist. The bolt of electricity hits you.
You resist.
Items here: )) ††.
Unknown command.
The electric eel shoots out a bolt of lightning at you!
The bolt of electricity hits you. You resist.
* * * LOW HITPOINT WARNING * * *
The electric eel shoots out a bolt of lightning at you!
The bolt of electricity hits you. You resist.
* * * LOW HITPOINT WARNING * * *
The bolt of electricity hits you. You resist.
* * * LOW HITPOINT WARNING * * *
Items here: )) ††.
Found a green potion.
The electric eel shoots out a bolt of lightning at you!
The bolt of electricity hits you. You resist.
* * * LOW HITPOINT WARNING * * *
Found 5 javelins.
The electric eel shoots out a bolt of lightning at you!
The bolt of electricity hits you. You resist.
* * * LOW HITPOINT WARNING * * *
You barely miss the electric eel.
The electric eel shoots out a bolt of lightning at you!
The bolt of electricity misses you.
The electric eel shoots out a bolt of lightning at you!
The bolt of electricity hits you. You resist.
* * * LOW HITPOINT WARNING * * *
You barely miss the electric eel. You slash the electric eel!
The electric eel is almost dead.
You miss the electric eel.
The electric eel is almost dead.
The electric eel shoots out a bolt of lightning at you!
The bolt of electricity hits you. You resist.
You die...

## $. #. ..
.( #. ###≈ ≈
#. ... ≈# #.
.⌠ ≈≈# ⌠
#.#. #≈≈#..
#..###≈≈≈≈##
#).).≈≈≈≈≈≈.
#)).@S≈≈≈≈≈.
#..###≈≈≈≈##
#.#...#≈≈#!.
#. .⌠.# ≈#
#. ...# # #.
###≈. #. ...
.. ### .#


You could see an electric eel.

Vanquished Creatures
  A water moccasin skeleton (D:3)
  A gnoll shaman (D:7)
  Jessica (D:2)
  Natasha (thrice) (D:2)
  Terence (D:2)
  3 gnolls (D:7)
  3 adders
  2 worms
  3 dart slugs
  2 orcs (D:3)
  6 ball pythons
  8 bats
  5 endoplasms
  5 giant cockroaches
  5 goblins
  9 hobgoblins
  5 jackals
  4 quokkas
  5 frilled lizards
  3 kobolds
  4 rats
79 creatures vanquished.

Vanquished Creatures (others)
  A gnoll (D:7)
1 creature vanquished.

Grand Total: 80 creatures vanquished

Notes
Turn   | Place    | Note
-------+----------+-------------------------------------------
     0 | D:1      | bande the Gargoyle Fighter began the quest for the Orb.
     0 | D:1      | Reached XP level 1. HP: 14/14 MP: 1/1
    85 | D:1      | Reached XP level 2. HP: 3/19 MP: 2/2
   450 | D:1      | Reached XP level 3. HP: 23/23 MP: 3/3
   573 | D:1      | Found a faded altar of an unknown god.
  1265 | D:2      | Noticed Natasha
  1278 | D:2      | Killed Natasha
  1279 | D:2      | Reached XP level 4. HP: 9/29 MP: 4/4
  1694 | D:2      | Noticed Natasha
  1702 | D:2      | Killed Natasha
  1965 | D:2      | Reached XP level 5. HP: 33/33 MP: 5/5
  2042 | D:2      | Noticed Jessica
  2049 | D:2      | Killed Jessica
  2068 | D:2      | Noticed Terence
  2087 | D:2      | Killed Terence
  2729 | D:2      | Noticed Natasha
  2733 | D:2      | Killed Natasha
  2963 | D:3      | Identified the +7 spear "Loc Nith" {antimagic, Will+ Dex+3}
  3363 | D:3      | Reached XP level 6. HP: 35/38 MP: 6/6
  3627 | D:3      | Found a hazy altar of Hepliaklqana.
  3782 | D:4      | You fall into a shaft and drop 3 floors!
  3791 | D:7      | Reached skill level 1 in Evocations
  3809 | D:7      | HP: 1/39 [electric eel/bolt of electricity (4)]
  3812 | D:7      | Killed from afar by an electric eel

Illustrated notes

Levels and vault maps discovered:
D:1:      lemuel_arrival_tunnels, layout_basic,
          dreamdust_ecumenical_altar_angels_and_demons, serial_park_tiny_2
D:2:      minmay_inner_zag, layout_basic, uniq_jessica, uniq_natasha,
          uniq_terence
D:3:      layout_loops_ring, nicolae_hepliaklqana_hippocampus
D:4:      layout_rooms, nrook_mini_backslash, kennysheep_small_square
D:7:      layout_gridville, makhleb_heckhound_becter,
          minmay_temple_entry_stoned_glass, fountainhead

Skill      XL: |  1  2  3  4  5  6 |
---------------+-------------------+-----
Axes           | 2 3 4 |  4.3
Fighting       | 4 |  4.3
Shields        | 4 |  4.1
Armour         | 4 |  4.4
Evocations     | 1 |  1.1

Action                   |  1- 3 |  4- 6 || total
-------------------------+-------+-------++-------
Melee: War axe           |   104 |   132 ||   236
  Use: Scroll            |     3 |     5 ||     8
       Potion            |       |     2 ||     2
Armor: Scale mail        |    11 |       ||    11
       Chain mail        |    65 |    93 ||   158
Dodge: Dodged            |    54 |    59 ||   113
Block: Buckler           |    25 |    33 ||    58

Table legend: (Time is in decaauts)
 A = Elapsed time spent in this place.
 B = Non-inter-level travel time spent in this place.
 C = Inter-level travel time spent in this place.
 D = Time resting spent in this place.
 E = Time spent auto-exploring this place.
 F = Levels seen in this place.
 G = Mean time per level.
                   A        B        C        D        E       F      G
               +--------+--------+--------+--------+--------+-----+--------+
         Total |   3939 |   3760 |    179 |   1228 |   1916 |   5 |  787.8 |
       Dungeon |   3939 |   3760 |    179 |   1228 |   1916 |   5 |  787.8 |
               +--------+--------+--------+--------+--------+-----+--------+

Top non-repeatable levels by time:
     D:2: 1801 daAuts
     D:1: 1226 daAuts
     D:3: 847 daAuts
     D:7: 35 daAuts
     D:4: 29 daAuts
